 Dungeon Crawl Stone Soup version 0.17.1-1-g73c8601 (webtiles) character file.

76 JustSomeDude the Insei (level 4, -1/42 HPs)
             Began as a Naga Monk on Jan 1, 2016.
             Slain by a hobgoblin (4 damage)
             ... on level 2 of the Dungeon.
             The game lasted 00:07:53 (2639 turns).

JustSomeDude the Insei (Naga Monk)                  Turns: 2639, Time: 00:07:54

Health: -1/42      AC:  2    Str: 14    XL:     4   Next: 32%
Magic:  4/4        EV: 10    Int: 10    God:
Gold:   100        SH:  0    Dex: 14    Spells: 0 memorised, 3 levels left

rFire  . . .     SeeInvis +     m - +4 short sword
rCold  . . .     Clarity  .     d - +0 leather armour
rNeg   . . .     SustAt   .     (no shield)
rPois  +         Gourm    .     (no helmet)
rElec  .         Spirit   .     (no cloak)
rCorr  .         Warding  .     (no gloves)
rMut   .         Stasis   .     (no barding)
MR     +....                    (no amulet)
Stlth  +++.......               h - ring of protection from magic
                                (no ring)

@: lethally poisoned (-1 -> -8), about to teleport, flying, very slow, somewhat
resistant to hostile enchantments, fairly stealthy
A: see invisible, deformed body, poison resistance, slowness 2, slow metabolism
1, spit poison 2, AC +1
a: Spit Poison


You were on level 2 of the Dungeon.
You were not hungry.

You visited 1 branch of the dungeon, and saw 3 of its levels.

You collected 100 gold pieces.

Inventory:

Hand Weapons
 m - a +4 short sword (weapon)
Armour
 d - a +0 leather armour (worn)
Jewellery
 h - a ring of protection from magic (right hand)
Scrolls
 f - 3 scrolls of identify {unknown}
 g - a scroll of random uselessness {unknown}
 i - 2 scrolls of fog {unknown}
 k - a scroll of remove curse {unknown}
 l - a scroll of magic mapping {unknown}
Potions
 j - 2 potions of curing
Comestibles
 b - 3 bread rations


   Skills:
 + Level 3.4 Fighting
 + Level 0.4 Short Blades
 + Level 0.7 Armour
 + Level 2.9 Dodging
 + Level 3.9 Stealth
 + Level 4.4 Unarmed Combat


You had 3 spell levels left.
You didn't know any spells.

Dungeon Overview and Level Annotations

Branches:
Dungeon (3/15)

Altars:


Innate Abilities, Weirdness & Mutations

You cannot wear boots.
Your serpentine skin is tough (AC +1).
You have supernaturally acute eyesight.
Armour fits poorly on your strangely shaped body.
Your system is resistant to poisons.
You cover ground very slowly.
You have a slow metabolism.
You can spit poison.


Message History

* * * LOW HITPOINT WARNING * * *
Read which item? (? for menu, Esc to quit)
As you read the scroll labeled FUN EBOIPLAOJ, it crumbles to dust.
It is a scroll of enchant weapon.
Enchant which weapon? (? for menu, Esc to quit)
Your +3 short sword glows red for a moment.
The orc barely misses you. The hobgoblin hits you.
* * * LOW HITPOINT WARNING * * *
The goblin barely misses you. The orc barely misses you.
The hobgoblin hits you with a club.
* * * LOW HITPOINT WARNING * * *
Unknown command.
Read which item? (? for menu, Esc to quit)
As you read the scroll labeled WIURHO SULECY, it crumbles to dust.
You feel strangely unstable.
It was a scroll of teleportation.
The orc hits you with a short sword of venom.
* * * LOW HITPOINT WARNING * * *
You are lethally poisoned!
The hobgoblin hits you.
You die...

### ###
#.############.#
#.#............#
#.#.##########<#
#..............#
#.#.####.......#
#.#.# #.#####.#
#.#o###....#.#.####
#o@g...............
#g.g#........#.####
#...#.####.#.#.####
#......... ..#.....
#...#.####.#.######
#...#... ..#.# #
#...#.#### #.# #
#...#....###.######
#..................


You could see 2 orcs, 2 hobgoblins and a goblin.

Vanquished Creatures
  3 adders
  An ooze (D:2)
  A worm (D:2)
  An orc (D:2)
  2 giant cockroaches (D:1)
  6 goblins
  7 hobgoblins
  5 kobolds
  9 bats
  2 giant newts (D:1)
  5 rats
42 creatures vanquished.

Notes
Turn   | Place    | Note
--------------------------------------------------------------
     0 | D:1      | JustSomeDude the Naga Monk began the quest for the Orb.
     0 | D:1      | Reached XP level 1. HP: 21/21 MP: 1/1
   217 | D:1      | Reached XP level 2. HP: 12/28 MP: 2/2
   963 | D:2      | Reached XP level 3. HP: 15/34 MP: 3/3
  2261 | D:2      | Reached XP level 4. HP: 29/42 MP: 4/4
  2639 | D:2      | Slain by a hobgoblin

Action                   |  1- 3 |  4- 6 || total
-------------------------+-------+-------++-------
Melee: Unarmed           |    37 |       ||    37
       Short sword       |    75 |    29 ||   104
  Use: Scroll            |       |     2 ||     2
       Potion            |       |     2 ||     2
 Stab: Sleeping          |    10 |       ||    10
  Eat: Chunk             |     2 |     2 ||     4
